 Dungeon Crawl Stone Soup version 0.24.0-10-g970556be89 (webtiles) character file.

Game seed: 12326112752605979132, levelgen mode: deterministic

96071 Arthanis the Severer (level 16, -11/88 HPs)
             Began as a Vine Stalker Berserker on Nov 3, 2019.
             Was the Champion of Trog.
             Engulfed by a spriggan's freezing vapour (16 damage)
             ... on level 6 of the Lair of Beasts.
             The game lasted 01:00:11 (18995 turns).

Arthanis the Severer (Vine Stalker Berserker)      Turns: 18995, Time: 01:00:12

Health: -11/88     AC: 22    Str: 21    XL:     16   Next: 15%
Magic:  0/23       EV:  8    Int: 15    God:    Trog [******]
Gold:   1371       SH: 10    Dex: 17    Spells: 15/15 levels left

rFire    + . .     SeeInvis .   Q - +2 war axe (vamp)
rCold    . . .     Gourm    .   x - +0 shield
rNeg     . . .     Faith    .   g - +2 plate armour {rF+}
rPois    .         Spirit   +   y - +0 helmet {Int+3}
rElec    .         Reflect  .   b - +0 cloak
rCorr    .         Harm     .   a - +0 pair of gloves
MR       ++...                  l - +1 pair of boots
Stlth    ..........             n - amulet of magic regeneration
HPRegen  1.04/turn              C - +2 ring of strength
MPRegen  0.43/turn              m - +1 ring of evasion

@: lethally poisoned (-11 -> -11), about to teleport, berserk cooldown
A: fangs 3, regeneration 2, magic shield, antimagic bite, no potion heal 3, rot
immunity
a: Berserk, Trog's Hand, Brothers in Arms, Renounce Religion


You were on level 6 of the Lair of Beasts.
You worshipped Trog.
Trog was exalted by your worship.
You were not hungry.

You visited 3 branches of the dungeon, and saw 23 of its levels.
You also visited: Ice Cave.

You collected 2569 gold pieces.
You spent 1198 gold pieces at shops.

Inventory:

Hand Weapons
 N - a +4 antimagic broad axe
 O - a +0 trident of protection
 Q - a +2 vampiric war axe (weapon)
 Z - a +6 antimagic executioner's axe
Armour
 a - a +0 pair of gloves (worn)
 b - a +0 cloak (worn)
 g - a +2 plate armour of fire resistance (worn)
 l - a +1 pair of boots (worn)
 p - the +0 pair of boots of Teyvoa {rElec MR+ MP-9 Int+4}
   (You bought it in a shop on level 7 of the Dungeon)

   It affects your intelligence (+4).
   It insulates you from electricity.
   It affects your resistance to hostile enchantments.
   It affects your magic capacity (-9).
 x - a +0 shield (worn)
 y - a +0 helmet of intelligence (worn)
Jewellery
 h - an uncursed ring of protection from cold
 m - a +1 ring of evasion (right hand)
 n - an amulet of magic regeneration (around neck)
 C - a +2 ring of strength (left hand)
 J - an uncursed ring of flight
 Y - an uncursed amulet of rage
Wands
 A - a wand of flame (42)
 K - a wand of acid (5)
 R - a wand of digging (4)
 V - a wand of paralysis (8)
Scrolls
 e - 5 scrolls of fog
 f - a scroll of noise {unknown}
 j - 20 scrolls of remove curse
 o - 5 scrolls of teleportation
 s - 3 scrolls of enchant armour
 t - 2 scrolls of fear
 B - 3 scrolls of magic mapping
 D - 2 scrolls of enchant weapon
 L - 3 scrolls of vulnerability
 P - 2 scrolls of immolation
 T - a scroll of torment {unknown}
 U - a scroll of acquirement {unknown}
 X - 2 scrolls of holy word {unknown}
Potions
 d - 8 potions of curing
 i - 6 potions of lignification
 k - 4 potions of ambrosia
 q - 5 potions of agility
 r - 3 potions of might
 u - 2 potions of flight {unknown}
 v - 6 potions of degeneration {unknown}
 w - 3 potions of brilliance
 z - 2 potions of resistance {unknown}
 E - 2 potions of magic
 F - 4 potions of heal wounds
 G - a potion of berserk rage
 H - 3 potions of mutation {unknown}
 I - 4 potions of haste {unknown}
 S - 4 potions of cancellation
Miscellaneous
 W - a box of beasts
Comestibles
 c - 39 rations
 M - 4 chunks of flesh


   Skills:
 + Level 12.0 Fighting
 * Level 18.1 Axes
 + Level 8.1 Armour
 + Level 4.2 Dodging
 - Level 5.0 Shields
 + Level 8.2 Evocations


You had 15 spell levels left.
You didn't know any spells.
Your spell library was empty.

Dungeon Overview and Level Annotations

Branches:
Dungeon (15/15)            Temple (0/1) D:5            Lair (6/6) D:10
  Swamp (0/4) Lair:4       Spider (0/4) Lair:4          Orc (2/2) D:12
    Elf (0/3) Orc:2        Vaults (0/5) D:14         Depths (0/5) D:15
  IceCv (visited)
  Slime: Lair:5-6

Altars:
Ashenzari
Cheibriados
Fedhas
Makhleb
Okawaru
Sif Muna
Trog
Uskayaw
Wu Jian
The Shining One

Shops:
D:7 [   D:12 (   D:14 :   Orc:2 ![%%

Portals:
Trove: D:10 (give 6 potions of agility)

Annotations:
D:4 1 runed translucent door
Lair:3 exclusion: 3 oklob plants
Lair:5 exclusion: oklob plant


Innate Abilities, Weirdness & Mutations

You have razor-sharp teeth.
You heal very quickly.
When hurt, damage is shared between your health and your magic reserves.
Your bite disrupts and absorbs the magic of your enemies.
Potions cannot restore your health.
You are immune to rotting.


Message History

Your bite misses the water moccasin.
The water moccasin is lightly wounded.
You miss the spriggan.
You are engulfed in freezing vapours.
* * * LOW HITPOINT WARNING * * *
You feel sick. The water moccasin barely misses you.
The spriggan barely misses you.
You closely miss the water moccasin.
The water moccasin is lightly wounded.
You hit the spriggan but do no damage.
You are engulfed in freezing vapours.
* * * LOW HITPOINT WARNING * * *
The water moccasin barely misses you.
You slash the water moccasin!
You feel better.
You bite the water moccasin!
You kill the water moccasin!
Trog accepts your kill.
You closely miss the spriggan.
You are engulfed in freezing vapours.
* * * LOW HITPOINT WARNING * * *
You feel sick. You block the spriggan's attack.
As you read the scroll of teleportation, it crumbles to dust.
You feel strangely unstable.
You are engulfed in freezing vapours.
You die...

♣ ..♣ #P## .♣..
### ...♣ #[#
♣♣..♣ ## #.
♣...♣ #.##P
♣♣..♣♣ #.P..
♣....♣ #....
♣♣♣i†..♣ ##...
♣.§@♣♣.♣
♣##....
♣♣§♣♣♣♣.♣♣
#♣...... ♣§§♣
♣..♣♣♣##......#
♣§♣♣
♣♣.....).#..#.#


♣hi ♣...#.)..##### ih♣♣ ♣♣.#.....# ihh. ♣......## ...♣. ♣.....#.# .... ♣
♣♣...#### You could see a spriggan.

Vanquished Creatures
  Kirke (Lair:4)
  An ettin (Orc:1)
  An ogre mage (D:15)
  A yaktaur captain (D:14)
  Erolcha (D:12)
  10 hydras
  6 centaur warriors
  5 death yaks
  5 two-headed ogres
  3 orc high priests (Orc:2)
  Sonja (Lair:1)
  10 skeletal warriors
  An unseen horror (D:15)
  A swamp dragon (shapeshifter) (D:13)
  2 wizards (D:15)
  3 wolf spider zombies
  4 orc sorcerers
  A deep elf mage (D:14)
  5 orc knights (Orc:2)
  10 ugly things
  7 cyclopes
  Joseph (D:7)
  3 manticores
  A black mamba (shapeshifter) (D:15)
  2 centaur zombies
  7 elephants
  A naga mage (D:15)
  5 black mambas
  6 gargoyles
  9 spiny frogs
  A torpor snail (Lair:5)
  A spiny frog (shapeshifter) (D:15)
  A freezing wraith (D:15)
  2 kobold demonologists
  An efreet (D:14)
  10 komodo dragons
  A demonic crawler (Lair:4)
  A queen bee (D:12)
  2 tengu conjurers
  3 polar bears
  3 meliai (D:12)
  A meliai (shapeshifter) (D:15)
  7 trolls
  A blink frog (shapeshifter) (D:14)
  14 blink frogs
  Prince Ribbit (D:7)
  7 hippogriffs
  2 hornets (Lair:6)
  3 slime creatures (D:12)
  2 vampires
  3 spriggans
  41 yaks
  5 wraiths
  2 shadows
  Eustachio (D:4)
  4 basilisks
  6 hogs
  3 vampire mosquitoes (D:14)
  2 steam dragons
  4 wargs
  2 swamp worms (Lair:4)
  A soldier ant (D:13)
  10 porcupines
  13 water moccasins
  4 black bears
  4 sky beasts
  26 orc warriors
  8 ice beasts
  An eye of draining (D:9)
  2 necrophages
  11 ogres
  3 phantoms
  5 boggarts
  5 wolves
  17 centaurs
  7 crocodiles
  19 bullfrogs
  6 big kobolds
  A wyvern zombie (D:14)
  7 scorpions
  24 killer bees
  2 howler monkeys (D:11)
  4 electric eels (Lair:6)
  A bullfrog zombie (D:12)
  3 crimson imps
  8 hounds
  2 quasits
  4 jellies
  15 orc priests
  30 orc wizards
  3 bullfrog skeletons
  A gnoll shaman (D:3)
  3 centaur skeletons
  Jessica (D:3)
  Ijyb (D:4)
  3 iguanas
  15 worker ants
  2 hound skeletons
  A mummy (D:7)
  4 gnolls
  19 adders
  4 shadow imps
  2 oozes
  2 adder skeletons
  2 adder zombies
  4 worms
  4 dart slugs
  3 leopard geckos
  90 orcs
  5 bats
  7 giant cockroaches
  8 goblins
  5 hobgoblins
  6 jackals
  2 ball pythons (D:5)
  4 frilled lizards
  A giant cockroach zombie (D:6)
  24 kobolds
  A quokka skeleton (D:9)
  7 rats
  3 fungi
731 creatures vanquished.

Vanquished Creatures (collateral kills)
  Josephine (D:12)
  An ice dragon (D:12)
  A vampire (D:12)
  A wraith (D:12)
  A yak (D:12)
  A soldier ant (D:11)
  A sky beast (D:11)
  A gnoll sergeant (D:11)
  An orc wizard (D:11)
  4 gnolls (D:11)
13 creatures vanquished.

Vanquished Creatures (others)
  A hornet (Lair:6)
  A howler monkey (D:12)
  An orc wizard (Orc:2)
  6 fungi
  2 plants (Lair:5)
11 creatures vanquished.

Grand Total: 755 creatures vanquished

Notes
Turn   | Place    | Note
-------+----------+-------------------------------------------
     0 | D:1      | Arthanis the Vine Stalker Berserker began the quest for the
                  | Orb.
     0 | D:1      | Reached XP level 1. HP: 11/11 MP: 2/2
    83 | D:1      | Reached XP level 2. HP: 16/16 MP: 3/3
   119 | D:1      | Reached skill level 3 in Axes
   354 | D:1      | Reached XP level 3. HP: 19/19 MP: 4/4
   705 | D:2      | Gained mutation: Your natural rate of healing is unusually
                  | fast. [Vine Stalker growth]
   705 | D:2      | Reached XP level 4. HP: 24/24 MP: 5/5
   738 | D:2      | Reached ** piety under Trog
  1231 | D:3      | Reached XP level 5. HP: 25/28 MP: 4/6
  1231 | D:3      | Reached skill level 4 in Axes
  1412 | D:3      | Noticed Jessica
  1418 | D:3      | Killed Jessica
  1533 | D:3      | Reached XP level 6. HP: 32/32 MP: 7/7
  1927 | D:4      | Found a glowing golden altar of the Shining One.
  1928 | D:4      | Found a runed translucent door.
  1928 | D:4      | Noticed an angel
  2071 | D:4      | Reached *** piety under Trog
  2123 | D:4      | Reached skill level 5 in Axes
  2123 | D:4      | Reached skill level 1 in Shields
  2123 | D:4      | Reached XP level 7. HP: 29/37 MP: 4/8
  2210 | D:4      | Noticed Ijyb
  2219 | D:4      | Killed Ijyb
  2479 | D:4      | Noticed Eustachio
  2488 | D:4      | Killed Eustachio
  2508 | D:4      | You fall into a shaft and drop 3 floors!
  2508 | D:7      | Found Imojuog's Antique Armour Emporium.
  2540 | D:7      | Gained mutation: You have razor-sharp teeth. [Vine Stalker
                  | growth]
  2540 | D:7      | Reached XP level 8. HP: 42/42 MP: 9/9
  2964 | D:5      | Entered Level 5 of the Dungeon
  2973 | D:5      | Found a staircase to the Ecumenical Temple.
  3059 | D:5      | Reached skill level 6 in Axes
  4014 | D:6      | Reached **** piety under Trog
  4014 | D:6      | Reached skill level 5 in Fighting
  4470 | D:7      | Reached XP level 9. HP: 47/47 MP: 10/10
  4488 | D:7      | Found an iron altar of Okawaru.
  4497 | D:7      | Found a shattered altar of Ashenzari.
  4498 | D:7      | Found a shimmering blue altar of Sif Muna.
  4504 | D:7      | Noticed Joseph
  4513 | D:7      | Killed Joseph
  4513 | D:7      | Reached skill level 7 in Axes
  4667 | D:7      | Found a burning altar of Makhleb.
  4667 | D:7      | Found a bloodstained altar of Trog.
  4723 | D:7      | Noticed a two-headed ogre
  4730 | D:7      | Killed a two-headed ogre
  4730 | D:7      | Reached skill level 8 in Axes
  4730 | D:7      | Reached skill level 5 in Armour
  4740 | D:7      | Noticed Prince Ribbit
  4760 | D:7      | Killed Prince Ribbit
  4760 | D:7      | Reached XP level 10. HP: 39/53 MP: 11/11
  4793 | D:7      | Found a snail-covered altar of Cheibriados.
  5440 | D:8      | Reached skill level 9 in Axes
  5751 | D:8      | Reached ***** piety under Trog
  6346 | D:9      | Reached skill level 10 in Axes
  6671 | D:9      | Reached XP level 11. HP: 55/58 MP: 10/12
  7007 | D:10     | Entered Level 10 of the Dungeon
  7036 | D:10     | Reached skill level 1 in Evocations
  7133 | D:10     | Found a staircase to the Lair.
  7497 | D:10     | Found a portal to a secret trove of treasure.
  7680 | D:11     | Noticed a cyclops
  7696 | D:11     | Killed a cyclops
  7722 | D:11     | Reached skill level 5 in Shields
  7759 | D:11     | Received a gift from Trog
  8034 | D:11     | Noticed a manticore
  8045 | D:11     | Killed a manticore
  8143 | D:11     | Reached skill level 11 in Axes
  8394 | D:12     | Noticed a six-headed hydra
  8396 | D:12     | Noticed a purple ugly thing
  8593 | D:12     | Noticed a cyan ugly thing
  8601 | D:12     | Killed a cyan ugly thing
  8693 | D:12     | Killed a six-headed hydra
  8706 | D:12     | Noticed a six-headed hydra
  8715 | D:12     | Killed a six-headed hydra
  8740 | D:12     | Killed a purple ugly thing
  8753 | D:12     | Found a frozen archway.
  8762 | D:12     | Noticed an ice dragon
  8765 | D:12     | Gained mutation: You heal very quickly. [Vine Stalker
                  | growth]
  8765 | D:12     | Reached XP level 12. HP: 60/65 MP: 14/16
  8796 | D:12     | HP: 1/65 [ice dragon/blast of cold (23)]
  8800 | D:12     | Killed an ice dragon
  8800 | D:12     | Reached skill level 12 in Axes
  8815 | IceCv    | Entered an ice cave
  9026 | D:12     | Noticed Josephine
  9033 | D:12     | Killed Josephine
  9079 | D:12     | Noticed a five-headed hydra
  9101 | D:12     | Killed a five-headed hydra
  9117 | D:12     | Noticed Erolcha
  9268 | D:12     | Received a gift from Trog
  9268 | D:12     | Reached skill level 5 in Evocations
  9376 | D:12     | Killed Erolcha
  9399 | D:12     | Found a staircase to the Orcish Mines.
  9765 | D:12     | Found Koilis's Antique Weapon Emporium.
  9869 | D:12     | Reached skill level 13 in Axes
  9889 | D:12     | Reached XP level 13. HP: 62/71 MP: 18/18
 10062 | D:13     | Received a gift from Trog
 10189 | D:12     | Reached skill level 10 in Fighting
 10424 | D:13     | Found a blossoming altar of Fedhas.
 11138 | D:14     | Reached skill level 14 in Axes
 11205 | D:14     | You fall into a shaft and drop 1 floor!
 11205 | D:15     | Entered Level 15 of the Dungeon
 11410 | D:14     | Found Zaten's Book Shoppe.
 11554 | D:14     | Received a gift from Trog
 11558 | D:14     | Reached XP level 14. HP: 77/77 MP: 17/19
 11644 | D:14     | Found a gate to the Vaults.
 12008 | D:14     | Received a gift from Trog
 12306 | D:15     | Reached skill level 15 in Axes
 12369 | D:15     | HP: 3/79 [two-headed ogre/+0 giant spiked club[a boggart]
                  | (13)]
 12859 | D:15     | Found a staircase to the Depths.
 13229 | D:7      | Bought a cloak for 99 gold pieces
 13229 | D:7      | Bought a pair of brightly glowing boots for 209 gold pieces
 13244 | D:7      | Identified the +0 pair of boots of Teyvoa {rElec MR+ MP-9
                  | Int+4} (You bought it in a shop on level 7 of the Dungeon)
 13377 | Orc:1    | Entered Level 1 of the Orcish Mines
 13469 | Orc:2    | Entered Level 2 of the Orcish Mines
 13483 | Orc:2    | Received a gift from Trog
 13705 | Orc:2    | Found a staircase to the Elven Halls.
 13892 | Orc:2    | Reached skill level 16 in Axes
 14145 | Orc:1    | Reached XP level 15. HP: 73/84 MP: 20/20
 14782 | Orc:2    | Found Tuphiw's Antique Armour Boutique.
 14782 | Orc:2    | Found Lyucan's Distillery.
 14806 | Orc:2    | Found Berch's Food Boutique.
 14806 | Orc:2    | Found Meoj's Food Shoppe.
 14817 | Orc:2    | Bought a shiny helmet for 285 gold pieces
 14827 | Orc:2    | Bought a potion of brilliance for 44 gold pieces
 14827 | Orc:2    | Bought a potion of heal wounds for 55 gold pieces
 14827 | Orc:2    | Bought a potion of ambrosia for 88 gold pieces
 14827 | Orc:2    | Bought a potion of cancellation for 88 gold pieces
 14827 | Orc:2    | Bought a potion of berserk rage for 55 gold pieces
 14827 | Orc:2    | Bought 2 potions of curing for 66 gold pieces
 14827 | Orc:2    | Bought a potion of curing for 33 gold pieces
 14827 | Orc:2    | Bought a potion of magic for 88 gold pieces
 14827 | Orc:2    | Bought a potion of cancellation for 88 gold pieces
 15034 | Lair:1   | Entered Level 1 of the Lair of Beasts
 15034 | Lair:1   | Noticed Sonja
 15051 | Lair:1   | Killed Sonja
 15306 | Lair:1   | Reached skill level 17 in Axes
 15373 | Lair:1   | Found a hide-covered altar of Uskayaw.
 15795 | Lair:2   | Received a gift from Trog
 17140 | Lair:4   | Noticed Kirke
 17269 | Lair:4   | Killed Kirke
 17338 | Lair:4   | Found a hole to the Spider Nest.
 17482 | Lair:4   | Received a gift from Trog
 17495 | Lair:4   | Found a staircase to the Swamp.
 17982 | Lair:5   | Found an ornate altar of the Wu Jian Council.
 18548 | Lair:6   | Entered Level 6 of the Lair of Beasts
 18683 | Lair:6   | Reached skill level 18 in Axes
 18774 | Lair:6   | Reached XP level 16. HP: 62/88 MP: 20/22
 18991 | Lair:6   | Reached ****** piety under Trog
 18995 | Lair:6   | Engulfed by a spriggan's freezing vapour

Levels and vault maps discovered:
D:1:      ebering_hopf_link, layout_loops_ring, kennysheep_doodads,
          minmay_pentomino_r2
D:2:      layout_basic, corner_web_ring, chequers_serial_rivers_micro_e,
          minmay_pentomino_pile
D:3:      layout_basic, grunt_decor_fettered, uniq_jessica
D:4:      layout_loops_ring, lemuel_angel_altar, uniq_ijyb, uniq_eustachio
D:5:      layout_loops_corners, minmay_temple_entry_trees, first_ration
D:6:      layout_loops_corners
D:7:      layout_loops_corners, gammafunk_temple_overflow_claw,
          gammafunk_temple_overflow_statue, slow_altar_1, serial_shops,
          nicolae_shop_crystal, uniq_joseph, uniq_prince_ribbit1
D:8:      layout_gridville, blue_anna_alchemist [blue_anna_fruit_fields,
          blue_anna_fruit_fields], grunt_tough_drop
D:9:      layout_basic, corexii_leaking_fountain
D:10:     layout_long_grid, david_lair_generic, enter_trove_6
D:11:     layout_long_grid
D:12:     minmay_inside_and_out, layout_cave_pools, orc_david_3, serial_shops,
          nicolae_shop_overgrown_old_shop, special_room [special_room_bee],
          portal_ice_cave_entry_animals_and_master, minmay_misc_feat_alley,
          uniq_josephine, uniq_erolcha
D:13:     minmay_open_boxes_in_corner, layout_irregular_city, basic_altar
D:14:     layout_stronghold, david_vaults_1, minmay_misc_feat_roman,
          serial_shops, shop, st_stairs_3, minmay_misc_feat_four_crosses,
          kennysheep_just_a_vault
D:15:     grunt_enter_depths_magical_seal, layout_loops_ring,
          minmay_misc_feat_more_columns
Lair:1:   layout_misc_corridors, basic_altar, beast_lair_carwin_11, uniq_sonja
Lair:2:   layout_long_grid, st_stairs_3, grunt_megastairs_4,
          infiniplex_staircase_pool
Lair:3:   layout_regular_city, serial_bayou_pond_b,
          grunt_forest_large_clearing_hut, minmay_lair_oklob_chamber,
          grunt_megastairs_5, lemuel_fruit_fields
Lair:4:   layout_gridlike, minmay_swamp_entry_worms,
          nicolae_spider_entry_non_spiders, uniq_kirke
Lair:5:   layout_loops_ring, minmay_slime_entry_oklob_enclosed, basic_altar
Lair:6:   minmay_lair_end_enchanted_forest, layout_concentric_octagons,
          disabler_island
Orc:1:    layout_diamond_mine
Orc:2:    grunt_orc_tribal_feast, layout_caves

Skill      XL: |  1  2  3  4  5  6  7  8  9 10 11 12 13 14 15 16 |
---------------+-------------------------------------------------+-----
Axes           | 3 4 5 6 8 10 11 13 14 16 18 | 18.1
Fighting       | 3 4 5 6 7 8 9 10 12 | 12.0
Dodging        | 2 3 4 |  4.2
Armour         | 2 3 4 5 6 8 |  8.1
Shields        | 1 2 3 4 5 |  5.0
Evocations     | 4 5 6 7 8 |  8.2

Action                   |  1- 3 |  4- 6 |  7- 9 | 10-12 | 13-15 | 16-18 || total
-------------------------+-------+-------+-------+-------+-------+-------++-------
Melee: Hand axe          |    62 |    98 |       |       |       |       ||   160
       Bite              |    13 |    42 |    74 |   305 |   550 |    35 ||  1019
       War axe           |       |    23 |    36 |   158 |  1166 |    63 ||  1446
       Rapier            |       |       |   231 |   484 |       |       ||   715
       Trident           |       |       |       |    82 |   162 |     8 ||   252
       Unarmed           |       |       |       |       |     8 |       ||     8
Invok: Berserk           |     1 |     4 |     8 |    22 |    29 |     1 ||    65
       Trog's Hand       |       |       |     2 |     7 |     8 |     1 ||    18
       Brothers in Arms  |       |       |       |     5 |       |       ||     5
 Abil: Evoke Flight      |       |       |       |       |     1 |       ||     1
Evoke: Wand              |       |       |       |    15 |    13 |     1 ||    29
  Use: Scroll            |       |       |       |    14 |     9 |     1 ||    24
 Stab: Sleeping          |     1 |       |       |       |       |       ||     1
       Paralysed         |       |       |       |       |     8 |       ||     8
  Eat: Chunk             |       |     8 |    17 |    24 |    32 |     1 ||    82
       Ration            |       |       |       |     6 |     8 |       ||    14
Armor: Animal skin       |     7 |       |       |       |       |       ||     7
       Plate armour      |    31 |    79 |   180 |   614 |   751 |    52 ||  1707
Dodge: Dodged            |    33 |    51 |   121 |   300 |   333 |    22 ||   860
Block: Shield            |       |       |       |   402 |   732 |    36 ||  1170
